 Dungeon Crawl Stone Soup version 0.23.2-33-g5129a83184 (webtiles) character file.

Game seed: 3399945823567129948

49 MalarOregon the Insei (level 3, 0/27 HPs)
             Began as a Merfolk Transmuter on July 1, 2019.
             Slain by a worm (10 damage)
             ... on level 2 of the Dungeon.
             The game lasted 00:03:05 (1949 turns).

MalarOregon the Insei (Merfolk Transmuter)          Turns: 1949, Time: 00:03:06

Health: 0/27       AC:  3    Str: 11    XL:     3   Next: 75%
Magic:  5/6        EV: 13    Int: 12    God:
Gold:   72         SH:  0    Dex: 14    Spells: 5/6 levels left

rFire    . . .     SeeInvis .     - Unarmed
rCold    . . .     Gourm    .   (no shield)
rNeg     . . .     Faith    .   b - +0 robe
rPois    .         Spirit   .   (no helmet)
rElec    .         Reflect  .   (no cloak)
rCorr    .         Harm     .   g - +0 pair of gloves
MR       .....                  (no boots)
Stlth    +.........             (no amulet)
HPRegen  0.09/turn              (no ring)
MPRegen  0.10/turn              (no ring)

@: appendage (expiring)
A: change form in water, swift swim, stealthy swim, horns 2
a: End Transformation


You were on level 2 of the Dungeon.
You were not hungry.
You had grown temporary horns.
You visited 1 branch of the dungeon, and saw 2 of its levels.

You collected 72 gold pieces.

Inventory:

Missiles
 a - 56 arrows
Armour
 b - a +0 robe (worn)
 g - a +0 pair of gloves (worn)
   (You found it on level 1 of the Dungeon)
Jewellery
 h - an uncursed amulet of magic regeneration {unknown}
   (You found it on level 1 of the Dungeon)
Scrolls
 c - a scroll of amnesia {unknown}
 f - a scroll of remove curse {unknown}
 k - a scroll of immolation {unknown}
 l - 2 scrolls of teleportation {unknown}
 m - a scroll of blinking {unknown}
Potions
 d - a potion of berserk rage {unknown}
 i - a potion of cancellation {unknown}
 j - 2 potions of curing {unknown}
Comestibles
 e - 5 rations {!d}


   Skills:
 + Level 1.8 Fighting
 + Level 3.3 Dodging
 * Level 4.0 Unarmed Combat
 + Level 2.3 Spellcasting
 + Level 3.1 Transmutations


You had 5 spell levels left.
You knew the following spells:

 Your Spells              Type           Power        Failure   Level  Hunger
a - Beastly Appendage     Tmut           #.....       7%          1    ##.....

Your spell library contained the following spells:

 Spells                   Type           Power        Failure   Level  Hunger
 Sticks to Snakes         Tmut           #.......     11%         2    ###....
 Spider Form              Tmut/Pois      #.........   38%         3    ####...
 Ice Form                 Ice/Tmut       #.......     80%         4    #####..
 Blade Hands              Tmut           #.........   89%         5    ######.


Dungeon Overview and Level Annotations

Branches:
Dungeon (2/15)

Altars:
Ashenzari
Trog


Innate Abilities, Weirdness & Mutations

You revert to your normal form in water You are very nimble and swift while swimming.
You are very stealthy in the water. (Stealth+)
You have a pair of horns on your head.


Message History

Found a runed flail and a falchion.
Found a bloodstained altar of Trog.
There are monsters nearby!
There are monsters nearby!
There is an open door here.
You start waiting.
The worm is too close now for your liking.
A worm is nearby!
You start waiting.
The worm is too close now for your liking.
You start waiting.
The worm is too close now for your liking.
You start waiting.
The worm is too close now for your liking.
You grow a pair of large bovine horns.
You hit the worm but do no damage. The worm barely misses you.
You hit the worm but do no damage. You completely miss the worm.
The worm bites you!
You hit the worm. You hit the worm. You headbutt the worm.
You punch the worm, but do no damage. The worm barely misses you.
You barely miss the worm. You headbutt the worm. You hit the worm.
You headbutt the worm! The worm misses you.
You hit the worm. You headbutt the worm.
You kill the worm!
Your Unarmed Combat skill increases to level 4!
You see here a worm corpse.
You butcher the worm corpse.
Your transformation is almost over.
n - a chunk of flesh You start resting.
Your horns disappear.
You start waiting.
Eating a chunk of flesh.
You eat the chunk of flesh.
Done waiting.
The moth of wrath's fur bristles in rage as it notices you.
There is an open door here.
You start waiting.
The worm is too close now for your liking.
You start waiting.
The worm is too close now for your liking.
You grow a pair of large bovine horns.
You hit the worm but do no damage. You barely miss the worm.
You headbutt the worm. The worm bites you!
You hit the worm. You headbutt the worm! You hit the worm but do no damage.
The worm bites you.
You barely miss the worm. You hit the worm. Your headbutt misses the worm.
The worm bites you!
* * * LOW HITPOINT WARNING * * *
You hit the worm. The worm bites you!
You die...

#.# #.........##......###.# #.#
#.......# #..........#
#.########'#### #####..#####
#####....# ##.### #.<#
#......#.###.#w#.# #..# ###
#.##.......#.#...# #..###..
##.##...#.#...###.# #......#
...###........###w# #..###.# ####
#..#.#.#...@.# #.## #.#
#>.........#.# #.# #..
#..#.#.#.#...# ##.######
#.......))...# #.......#
#..#..####.#.#######.#####.#
######........#...........# #.#
........#.#.(.#.#.#..####.# #..
.........(....#..#....# #.# #..
.#####..#.#.#...#.#.#.###รท#####.#


You could see a worm.

Vanquished Creatures
  An adder (D:2)
  An ooze (D:1)
  A worm (D:2)
  2 leopard geckos
  A giant cockroach (D:2)
  3 goblins
  3 hobgoblins
  2 quokkas (D:2)
  6 bats
  A frilled lizard (D:2)
  6 kobolds
  2 rats
29 creatures vanquished.

Notes
Turn   | Place    | Note
-------+----------+-------------------------------------------
     0 | D:1      | MalarOregon the Merfolk Transmuter began the quest for the
                  | Orb.
     0 | D:1      | Reached XP level 1. HP: 15/15 MP: 3/3
   131 | D:1      | Reached XP level 2. HP: 21/21 MP: 3/5
   845 | D:2      | Reached XP level 3. HP: 24/26 MP: 3/6
   983 | D:2      | Found a shattered altar of Ashenzari.
  1681 | D:2      | Noticed a moth of wrath
  1683 | D:2      | Found a bloodstained altar of Trog.
  1712 | D:2      | Reached skill level 4 in Unarmed Combat
  1949 | D:2      | Slain by a worm

Skill      XL: |  1  2  3 |
---------------+----------+-----
Dodging        | 3 |  3.3
Transmutations | 3 |  3.1
Unarmed Combat | 4 |  4.0
Fighting       | |  1.8
Spellcasting   | |  2.3

Action                   || total
-------------------------++-------
Melee: Unarmed           ||   118
       Headbutt          ||     9
       Punch             ||     2
 Cast: Beastly Appendage ||    22
  Eat: Chunk             ||     4
Armor: Robe              ||    29
Dodge: Dodged            ||   104
